[Event "Team 45 45 League T34"]
[Site "Internet Chess Club"]
[Date "2007.08.04"]
[Round "3"]
[White "walleye"]
[Black "legartijo"]
[Result "1-0"]
[WhiteElo "1485"]
[BlackElo "1545"]
[Opening "Old Benoni defense"]
[ECO "A43"]
[Time "22:01:56"]
[TimeControl "2700+45"]

1. d4 c5 2. d5 d6 3. Nc3 Nf6 4. e4 g6 5. Bb5+ Bd7 6. Bxd7+ Nbxd7 7. Nf3 Bg7 8.
O-O O-O 9. Re1 a6 10. Rb1 b5 11. b3 b4 12. Na4 Rc8 13. c4 bxc3 14. Nxc3 c4 15.
bxc4 Rxc4 16. Qd3 Qc7 17. Bd2 Ng4 18. Rec1 Qc5 19. Nd1 Nde5 20. Nxe5 Nxe5 21.
Qe2 Rc8 22. Be3 Rc2 23. Qxa6 {Black resigns} 1-0

[Event "Team 45 45 League T34"]
[Site "Internet Chess Club"]
[Date "2007.08.05"]
[Round "3"]
[White "fledermaus"]
[Black "ETwoEFour"]
[Result "0-1"]
[WhiteElo "2034"]
[BlackElo "2017"]
[Opening "King's Indian: orthodox, 7...Nbd7"]
[ECO "E94"]
[Time "13:55:55"]
[TimeControl "2700+45"]

1. d4 Nf6 2. c4 g6 3. Nc3 Bg7 4. e4 d6 5. Nf3 O-O 6. Be2 e5 7. O-O Nbd7 8. Qc2
exd4 9. Nxd4 Nc5 10. Rd1 Re8 11. f3 Nh5 12. Be3 Be5 13. g3 Nf6 14. Bf1 a5 15.
Bg2 Ne6 16. Qd2 Bd7 17. Rac1 a4 18. Nde2 Bc6 19. Nd5 Nd7 20. Bh3 Ndc5 21. Nec3
Bd7 22. Bg2 c6 23. Nf4 Qa5 24. Nfe2 Rad8 25. f4 Bg7 26. Rb1 Nc7 27. Qxd6 N7a6
28. Qd2 Bg4 29. Qe1 a3 30. h3 Rxd1 31. Qxd1 Rd8 32. Qc2 Nb4 33. Qc1 Bxe2 34.
bxa3 Nbd3 35. Qc2 Qxc3 36. Qxe2 Bd4 37. Bf1 Nc1 38. Rxc1 Bxe3+ {White resigns}
0-1

[Event "Team 45 45 League T34"]
[Site "Internet Chess Club"]
[Date "2007.08.05"]
[Round "3"]
[White "SidVicious"]
[Black "Wheels"]
[Result "0-1"]
[WhiteElo "1910"]
[BlackElo "1870"]
[Opening "Sicilian"]
[ECO "B50"]
[Time "20:06:22"]
[TimeControl "2700+45"]

1. e4 c5 2. Nf3 d6 3. c3 Nf6 4. h3 Nc6 5. Qc2 g6 6. d4 cxd4 7. cxd4 d5 8. e5 Bf5
9. Bd3 Qa5+ 10. Bd2 Nb4 11. Qb3 Nxd3+ 12. Qxd3 Bxd3 13. Bxa5 Ne4 14. Nbd2 Rc8
15. Nxe4 dxe4 16. Nd2 Rc2 17. Bc3 Bh6 18. Nb3 Re2+ 19. Kf1 Rxb2+ 20. Kg1 Rc2 21.
Bb4 e3 22. fxe3 Bxe3+ 23. Kh2 Be4 24. Rhg1 Bxg1+ 25. Rxg1 Rxa2 26. Nc5 Bc6 27.
Nd3 a5 28. Bc5 Be4 29. Nc1 Rc2 30. Nb3 a4 31. Na5 Kd7 {White resigns} 0-1

[Event "Team 45 45 League T34"]
[Site "Internet Chess Club"]
[Date "2007.08.04"]
[Round "3"]
[White "Luckydawg"]
[Black "ChessAddict14"]
[Result "1/2-1/2"]
[WhiteElo "1696"]
[BlackElo "1686"]
[Opening "English opening"]
[ECO "A20"]
[Time "09:54:45"]
[TimeControl "2700+45"]

1. c4 e5 2. g3 Nc6 3. Bg2 f5 4. Nc3 Nf6 5. d3 Bb4 6. Bd2 O-O 7. Nf3 d6 8. O-O
Bxc3 9. Bxc3 Qe8 10. e3 Qh5 11. Nd2 Qh6 12. d4 Ng4 13. h3 Nxe3 14. fxe3 Qxe3+
15. Kh2 exd4 16. Re1 Qh6 17. Bxc6 dxc3 18. Bd5+ Kh8 19. bxc3 f4 20. g4 c6 21.
Bf3 Be6 22. Re4 d5 23. cxd5 Bxd5 24. Re2 Bxf3 25. Nxf3 Qf6 26. Qd4 Qxd4 27. cxd4
Rae8 28. Rae1 Rxe2+ 29. Rxe2 Kg8 30. Re7 Rf7 31. Re4 h6 32. Ne5 Rf6 33. Kg2 g5
34. Kf3 Re6 35. Re2 Kf8 36. Rb2 b5 37. Rc2 Ke7 38. Nxc6+ Kd6 39. Nxa7 Re3+ 40.
Kf2 Rxh3 41. Nxb5+ Kd5 42. Rc5+ Ke4 43. Re5+ Kd3 44. d5 Rh2+ 45. Kf3 Rh3+ 46.
Kf2 Rh2+ 47. Kf3 Rh3+ {Game drawn by mutual agreement} 1/2-1/2

[Event "Team 45 45 League T34"]
[Site "Internet Chess Club"]
[Date "2007.08.02"]
[Round "3"]
[White "nanning"]
[Black "GoIrish"]
[Result "1-0"]
[WhiteElo "1611"]
[BlackElo "1549"]
[Opening "King's Indian: Petrosian system"]
[ECO "E92"]
[Time "14:03:08"]
[TimeControl "2700+45"]

1. d4 Nf6 2. c4 g6 3. Nc3 Bg7 4. e4 d6 5. Nf3 O-O 6. Be2 e5 7. d5 Na6 8. Nd2 Ne8
9. h4 h5 10. g4 Bxg4 11. Bxg4 hxg4 12. Qxg4 Nf6 13. Qg2 Nc5 14. Qf3 Nh5 15. Nb3
Nxb3 16. axb3 a6 17. Ne2 Qf6 18. Qg4 Qe7 19. Ng3 Nxg3 20. fxg3 Qe8 21. h5 f5 22.
exf5 gxf5 23. Qh3 f4 24. h6 Bf6 25. Bd2 Kh7 26. O-O-O fxg3 27. Qxg3 Rg8 28. Qf3
Qf7 29. Rdf1 Raf8 30. Rhg1 Rxg1 31. Rxg1 Rg8 32. Qf5+ Rg6 33. Kc2 Qe8 34. Kc3 a5
35. Kc2 Qf7 36. Bxa5 Kxh6 37. Qxg6+ Qxg6+ 38. Rxg6+ Kxg6 39. Bxc7 Be7 40. Kd3
Kf5 41. Ke3 Bg5+ 42. Kd3 e4+ 43. Ke2 Ke5 44. Bb6 Kf5 45. b4 Bf6 46. b3 Bc3 47.
b5 Bb4 48. Ke3 Ba3 49. Ba5 Bc5+ 50. Ke2 Kf4 51. Bd2+ Ke5 52. Bc3+ Bd4 53. Be1
Bc5 54. b4 Bd4 55. Bg3+ Kf5 56. Bxd6 Bb2 57. c5 Ba3 58. c6 bxc6 59. bxc6 {Black
resigns} 1-0

[Event "Team 45 45 League T34"]
[Site "Internet Chess Club"]
[Date "2007.08.06"]
[Round "3"]
[White "reinaroja"]
[Black "gracey"]
[Result "0-1"]
[WhiteElo "2163"]
[BlackElo "2151"]
[Opening "Robatsch (modern) defense"]
[ECO "B07"]
[Time "15:05:03"]
[TimeControl "2700+45"]

1. e4 d6 2. d4 g6 3. Nc3 Bg7 4. Be3 c6 5. h3 Qb6 6. Rb1 Nd7 7. Nf3 Ngf6 8. Qd2
O-O 9. Be2 Rd8 10. O-O d5 11. e5 Ne4 12. Nxe4 dxe4 13. Ng5 Nxe5 14. Qe1 Nd7 15.
Bc4 Rf8 16. d5 Qc7 17. Nxe4 cxd5 18. Bxd5 Qxc2 19. Nc3 Nf6 20. Bb3 Qf5 21. Bd4
Re8 22. f4 b6 23. Qe3 Ba6 24. Rfe1 Rac8 25. Rbd1 Bh6 26. Be5 Nd7 27. g4 Qxe5 28.
Rxd7 Qxe3+ 29. Rxe3 e6 30. g5 Bg7 31. Rxa7 Bd4 {White resigns} 0-1

[Event "Team 45 45 League T34"]
[Site "Internet Chess Club"]
[Date "2007.08.04"]
[Round "3"]
[White "Klampin"]
[Black "morgado"]
[Result "1/2-1/2"]
[WhiteElo "2033"]
[BlackElo "1963"]
[Opening "Queen's pawn game"]
[ECO "D02"]
[Time "07:05:36"]
[TimeControl "2700+45"]

1. d4 d5 2. Nf3 e6 3. Bf4 Bd6 4. Bxd6 Qxd6 5. Nbd2 f5 6. e3 c5 7. c3 Nc6 8. Bd3
Nf6 9. O-O O-O 10. Qe2 Bd7 11. Rad1 Ne4 12. c4 cxd4 13. exd4 Rac8 14. a3 Be8 15.
Rc1 Bh5 16. Qe3 Rce8 17. c5 Qc7 18. b4 e5 19. Nxe5 Nxe5 20. dxe5 Qxe5 21. Rfe1
d4 22. Qh3 Bg4 23. Bc4+ Kh8 24. Qd3 Qf4 25. Nxe4 fxe4 {Game drawn by mutual
agreement} 1/2-1/2

[Event "Team 45 45 League T34"]
[Site "Internet Chess Club"]
[Date "2007.08.05"]
[Round "3"]
[White "Loco-Motif"]
[Black "latayvia"]
[Result "1-0"]
[WhiteElo "1898"]
[BlackElo "1690"]
[Opening "QGD Slav: exchange variation"]
[ECO "D13"]
[Time "14:59:40"]
[TimeControl "2700+45"]

1. d4 d5 2. c4 c6 3. cxd5 cxd5 4. Nf3 Nf6 5. Nc3 Nc6 6. Bf4 a6 7. Rc1 e6 8. e3
Bb4 9. Bd3 Ne4 10. O-O g5 11. Be5 f6 12. Nxe4 dxe4 13. Bxe4 Nxe5 14. Nxe5 Ke7
15. Qb3 Bd6 16. Rfd1 Rb8 17. Nc4 Bc7 18. d5 e5 19. d6+ Bxd6 20. Nxd6 Be6 21.
Nf5+ Kf7 22. Rxd8 Bxb3 23. Rxh8 Rxh8 24. Rc7+ Ke6 25. Re7# {Black checkmated}
1-0

[Event "Team 45 45 League T34"]
[Site "Internet Chess Club"]
[Date "2007.08.04"]
[Round "3"]
[White "EdBorowski"]
[Black "fledermaus"]
[Result "1-0"]
[WhiteElo "2031"]
[BlackElo "2053"]
[Opening "Queen's bishop game"]
[ECO "D02"]
[Time "15:10:14"]
[TimeControl "2700+45"]

1. d4 d5 2. Nf3 Nf6 3. Bf4 c5 4. c3 e6 5. e3 Nc6 6. Bd3 Bd6 7. Bg3 O-O 8. Nbd2
Qe7 9. Qe2 e5 10. dxe5 Nxe5 11. Bxe5 Bxe5 12. Nxe5 Qxe5 13. Nf3 Qe7 14. O-O Bg4
15. c4 Rfd8 16. cxd5 Nxd5 17. Bc4 Nb4 18. a3 Nc6 19. h3 Bh5 20. Rfd1 Ne5 21. Bd5
Rd7 22. g4 Nxf3+ 23. Qxf3 Bg6 24. e4 Kf8 25. Rac1 Rad8 26. Re1 b6 27. Qc3 f6 28.
b4 Rc7 29. bxc5 Rxc5 30. Qb4 Rdc8 31. Rxc5 Qxc5 32. Rc1 {Black resigns} 1-0

[Event "Team 45 45 League T34"]
[Site "Internet Chess Club"]
[Date "2007.08.05"]
[Round "3"]
[White "jonesey"]
[Black "mdeluca"]
[Result "1-0"]
[WhiteElo "1984"]
[BlackElo "1892"]
[Opening "Sicilian defense"]
[ECO "B34"]
[Time "09:00:41"]
[TimeControl "2700+45"]

1. e4 c5 2. Nf3 Nc6 3. d4 cxd4 4. Nxd4 g6 5. Be3 Nf6 6. Nc3 Bg7 7. Be2 O-O 8.
Qd2 d5 9. exd5 Nxd5 10. Nxc6 bxc6 11. Bd4 e5 12. Bc5 Re8 13. Ne4 Bf5 14. Nd6 Re6
15. Nxf5 gxf5 16. c4 Nf4 17. Qxd8+ Rxd8 18. g3 Nd3+ 19. Bxd3 Rxd3 20. Rd1 Rxd1+
21. Kxd1 Re8 22. Kc2 Rd8 23. Rd1 Rxd1 24. Kxd1 a6 25. b4 Bf8 26. Bxf8 Kxf8 27.
Kc2 Ke7 28. Kb3 Kd7 29. c5 h5 30. Kc4 Ke6 31. a4 f6 32. b5 cxb5+ 33. axb5 {Black
resigns} 1-0

[Event "Team 45 45 League T34"]
[Site "Internet Chess Club"]
[Date "2007.08.03"]
[Round "3"]
[White "Flying-Tiger"]
[Black "MiroslavR"]
[Result "1-0"]
[WhiteElo "1983"]
[BlackElo "1995"]
[Opening "French: Winawer, advance, Bogolyubov variation"]
[ECO "C17"]
[Time "07:32:15"]
[TimeControl "2700+45"]

1. e4 e6 2. d4 d5 3. Nc3 Bb4 4. e5 c5 5. Bd2 Ne7 6. Nb5 Bxd2+ 7. Qxd2 O-O 8. f4
Nbc6 9. Nf3 a6 10. Nd6 Nxd4 11. Nxd4 cxd4 12. Bd3 Qb6 13. O-O Bd7 14. Qf2 f5 15.
c3 Nc8 16. Qxd4 Qxd4+ 17. cxd4 Nxd6 18. exd6 Rac8 19. Rac1 Kf7 20. Rc5 b6 21.
Rc7 Rxc7 22. dxc7 Rc8 23. Bxa6 Rxc7 24. Bd3 h6 25. Kf2 g5 26. Ke3 Kf6 27. Rf2
Ke7 28. g3 g4 29. Rc2 Rxc2 30. Bxc2 h5 31. Kd2 Kd6 32. Bd3 Kc7 33. Kc3 b5 34.
Kb4 Kb6 35. b3 Bc6 36. a4 bxa4 37. bxa4 Bd7 38. Bb5 Bc8 39. Be8 Kc7 40. Kc5 Bb7
41. Bxh5 Bc6 42. Bf7 {Black resigns} 1-0

[Event "Team 45 45 League T34"]
[Site "Internet Chess Club"]
[Date "2007.08.05"]
[Round "3"]
[White "JimGrange"]
[Black "Grenadier"]
[Result "1-0"]
[WhiteElo "1916"]
[BlackElo "1768"]
[Opening "QGD Slav: Soultanbéieff variation"]
[ECO "D16"]
[Time "08:59:58"]
[TimeControl "2700+45"]

1. d4 d5 2. c4 c6 3. Nf3 Nf6 4. Nc3 dxc4 5. a4 e6 6. e3 Bb4 7. Bxc4 O-O 8. O-O
b6 9. Qb3 Qe7 10. e4 Bxc3 11. bxc3 Nxe4 12. Re1 Nf6 13. Ba3 c5 14. d5 Ba6 15.
dxe6 Bxc4 16. Qxc4 Nc6 17. Ng5 Qc7 18. Nxf7 Rae8 19. Rad1 Re7 20. Bc1 Na5 21.
Qh4 Rfe8 22. Bf4 Qc8 23. Nd6 Qc6 24. Nxe8 Qxe8 25. Bg5 Rxe6 26. Rxe6 Qxe6 27.
Bxf6 gxf6 28. Rd8+ Kg7 29. Qg3+ Kh6 30. h4 Nc4 31. Rg8 Qf7 32. Qf4+ Kh5 33. g4+
{Black resigns} 1-0

[Event "Team 45 45 League T34"]
[Site "Internet Chess Club"]
[Date "2007.08.05"]
[Round "3"]
[White "corsair"]
[Black "Fegary"]
[Result "1-0"]
[WhiteElo "1748"]
[BlackElo "1787"]
[Opening "English opening"]
[ECO "A16"]
[Time "12:29:00"]
[TimeControl "2700+45"]

1. c4 Nf6 2. Nc3 g6 3. g3 Bg7 4. Bg2 d6 5. Nf3 O-O 6. O-O c5 7. d3 Nc6 8. Bd2
Nd4 9. Nxd4 cxd4 10. Ne4 Nxe4 11. Bxe4 Bh3 12. Re1 Qd7 13. b4 f5 14. Bh1 f4 15.
Rc1 Rf7 16. c5 d5 17. Qb3 Rd8 18. b5 Qf5 19. Bf3 Bh6 20. gxf4 Bxf4 21. Bxf4 Qxf4
22. Kh1 e6 23. c6 Qh4 24. c7 Rc8 25. b6 a6 26. Rg1 Qxf2 27. Rg3 Qe3 28. Rcg1 Qh6
29. Qb4 Qh4 30. Qd6 Re8 31. Rg5 Qf4 32. Qxf4 Rxf4 33. R5g3 Bf5 34. Rc1 Rc8 35.
Kg2 Kf8 36. h3 Ke7 37. Bg4 Kd6 38. Bxf5 Rxf5 39. Rf3 Rg5+ 40. Kf2 Rh5 41. Kg3
Rg5+ 42. Kh2 Re5 43. Rc2 g5 44. Rf7 h5 45. Kg3 Re3+ 46. Rf3 Re5 47. a4 Rf5 48.
Rxf5 exf5 49. a5 g4 50. hxg4 hxg4 51. Kf4 Ke6 52. Rc1 Kd7 53. Kxf5 g3 54. Ke5 g2
55. Kxd5 Re8 56. Rg1 Rxe2 57. Kxd4 Kc8 58. Kc4 Rc2+ 59. Kb3 Re2 60. Kc3 Kd7 61.
d4 Re3+ 62. Kd2 Ra3 63. Rc1 Ra2+ 64. Ke3 Rc2 65. Rg1 Ra2 66. Kf3 Rxa5 67. Rxg2
Rf5+ 68. Ke4 Rf8 69. Rg7+ Kc6 70. Rg6+ Kd7 71. Kd5 Rf5+ 72. Kc4 Rf8 73. Kc5 Rh8
74. Rg7+ Ke6 75. d5+ Kf6 76. Rd7 Rh1 77. Rd8 {Black resigns} 1-0

[Event "Team 45 45 League T34"]
[Site "Internet Chess Club"]
[Date "2007.08.12"]
[Round "3"]
[White "C-Jones"]
[Black "parrot9"]
[Result "1/2-1/2"]
[WhiteElo "1623"]
[BlackElo "1701"]
[Opening "Sicilian"]
[ECO "B53"]
[Time "13:59:57"]
[TimeControl "2700+45"]

1. e4 c5 2. Nf3 d6 3. d4 cxd4 4. Bb5+ Bd7 5. Bxd7+ Nxd7 6. Nxd4 Ngf6 7. Nc3 a6
8. O-O e6 9. Qf3 Ne5 10. Qg3 g6 11. Bg5 h6 12. f4 hxg5 13. fxe5 dxe5 14. Qxe5
Bg7 15. Rad1 Nh5 16. Qc5 Qe7 17. Qxe7+ Kxe7 18. Rfe1 Rhd8 19. e5 Nf4 20. Kf2 Nd5
21. Nxd5+ Rxd5 22. Nf3 Rxd1 23. Rxd1 g4 24. Ng5 Bxe5 25. c3 Rh8 26. Re1 Bf4 27.
Ne4 Rxh2 28. Nc5 Rh5 29. b4 Be5 30. Rc1 g3+ 31. Kf3 Rf5+ 32. Ke4 f6 33. Nd3 b6
34. c4 Bc7 35. a4 Rh5 36. Rc2 f5+ 37. Kf3 e5 38. Nb2 e4+ 39. Ke3 Be5 40. c5 bxc5
41. bxc5 Rh8 42. Nc4 Bc7 43. c6 Rd8 44. Rb2 Rb8 45. Rd2 Rd8 46. Rb2 Rb8 47. Rd2
Rd8 48. Rb2 {Game drawn by repetition} 1/2-1/2

[Event "Team 45 45 League T34"]
[Site "Internet Chess Club"]
[Date "2007.08.04"]
[Round "3"]
[White "OldBoy"]
[Black "Mississippian"]
[Result "1-0"]
[WhiteElo "1649"]
[BlackElo "1405"]
[Opening "Ruy Lopez: closed, 7...O-O"]
[ECO "C88"]
[Time "11:04:30"]
[TimeControl "2700+45"]

1. e4 e5 2. Nf3 Nc6 3. Bb5 a6 4. Ba4 Nf6 5. O-O Be7 6. Re1 b5 7. Bb3 O-O 8. Nc3
b4 9. Nd5 Bb7 10. d3 a5 11. Nxe7+ Qxe7 12. Bg5 h6 13. Bh4 Qd6 14. Nd2 a4 15. Bc4
Ba6 16. Bxa6 Rxa6 17. Nc4 Qe6 18. Ne3 Nd4 19. c3 bxc3 20. bxc3 Nb5 21. Qd2 c6
22. Nf5 Nd5 23. c4 Nf4 24. cxb5 cxb5 25. Bg3 Nh5 26. Qe2 Nxg3 27. fxg3 d5 28.
Qg4 Qf6 29. Rf1 Rd8 30. Kh1 Kh7 31. Ne3 Qe7 32. Qf5+ Kg8 33. Nxd5 Rxd5 34. Qc8+
{Black resigns} 1-0

[Event "Team 45 45 League T34"]
[Site "Internet Chess Club"]
[Date "2007.08.04"]
[Round "3"]
[White "natethegreat"]
[Black "JimGaming"]
[Result "1-0"]
[WhiteElo "1406"]
[BlackElo "1222"]
[Opening "Giuoco Piano"]
[ECO "C53"]
[Time "14:06:03"]
[TimeControl "2700+45"]

1. e4 e5 2. Nf3 Nc6 3. Bc4 Bc5 4. c3 d6 5. d4 Bb6 6. dxe5 Bg4 7. Bxf7+ Kxf7 8.
Ng5+ Qxg5 9. Qb3+ Be6 10. Qxe6+ Kxe6 11. Bxg5 Nxe5 12. O-O h6 13. Be3 Nf6 14.
Nd2 c5 15. f4 Neg4 16. f5+ Kd7 17. Bf4 Nh5 18. Nc4 Bc7 19. Rad1 Nxf4 20. Rxf4 h5
21. h3 Ke7 22. hxg4 hxg4 23. Rxg4 Rag8 24. Rg6 Rh6 25. Rxh6 gxh6 26. Ne3 Bb8 27.
Nd5+ Kd7 28. Nf6+ Kc6 29. Nxg8 h5 30. f6 d5 31. f7 Bd6 32. Rxd5 Bf8 33. Rd8 Bg7
34. e5 Kc7 35. Rd1 h4 36. e6 b5 37. e7 b4 38. e8=Q bxc3 39. bxc3 Bxc3 40. f8=Q
Bd4+ 41. Kh1 h3 42. Qe6 hxg2+ 43. Kxg2 a5 44. Qfc8# {Black checkmated} 1-0

[Event "Team 45 45 League T34"]
[Site "Internet Chess Club"]
[Date "2007.08.02"]
[Round "3"]
[White "logicg8"]
[Black "Platitude"]
[Result "1/2-1/2"]
[WhiteElo "1747"]
[BlackElo "1639"]
[Opening "Sicilian: Anderssen variation"]
[ECO "B41"]
[Time "11:29:34"]
[TimeControl "2700+45"]

1. e4 c5 2. Nf3 e6 3. d4 cxd4 4. Nxd4 Nf6 5. Nc3 Nc6 6. Be3 Bb4 7. Bd3 a6 8. Qd2
Qc7 9. a3 Ba5 10. Nxc6 Qxc6 11. b4 Bd8 12. O-O Ng4 13. Bg5 f6 14. Bh4 Bc7 15. h3
Ne5 16. Be2 Nc4 17. Qd4 Be5 18. Qxc4 Qxc4 19. Bxc4 Bxc3 20. Rad1 b5 21. Bb3 Bb7
22. f3 a5 23. bxa5 Rxa5 24. Rd3 Be5 25. Rfd1 Bc6 26. Bxe6 Ke7 27. Bxd7 Bxd7 28.
Rxd7+ Ke6 29. R7d3 Rc8 30. Be1 Ra7 31. Bb4 Rxc2 32. Rd5 Rb7 33. Rc5 Rc4 34. Rxc4
bxc4 35. Rc1 Rc7 36. Kf2 Bb2 37. Rc2 c3 38. Ke3 g6 39. Kd4 Rd7+ 40. Kc4 Rd2 41.
Rxd2 cxd2 42. Bxd2 Bxa3 43. Bc3 Bd6 44. g4 f5 45. exf5+ gxf5 46. Kd3 fxg4 47.
fxg4 Be7 48. Ke4 Bg5 49. Be5 Bh4 50. Bg7 Kf7 51. Be5 Kg6 52. Kf4 h5 53. Kf3
hxg4+ 54. hxg4 Bg5 55. Ke4 Bd8 56. Bf4 Bf6 57. Be3 Bh4 {Game drawn by mutual
agreement} 1/2-1/2

[Event "Team 45 45 League T34"]
[Site "Internet Chess Club"]
[Date "2007.08.03"]
[Round "3"]
[White "Sleete"]
[Black "Vincenzo76"]
[Result "1-0"]
[WhiteElo "1737"]
[BlackElo "1524"]
[Opening "Sicilian: Taimanov variation"]
[ECO "B46"]
[Time "17:00:43"]
[TimeControl "2700+45"]

1. e4 c5 2. Nf3 Nc6 3. Nc3 e6 4. d4 cxd4 5. Nxd4 a6 6. Nxc6 bxc6 7. e5 Qa5 8.
Qd4 Ne7 9. Bd3 Nf5 10. Bxf5 exf5 11. Be3 Be7 12. a3 O-O 13. O-O Rd8 14. Rfe1 d6
15. Qb6 Qxb6 16. Bxb6 Rf8 17. exd6 Bxd6 18. Rad1 Bf4 19. Bc5 Be6 20. Bxf8 Kxf8
21. Ne2 Bc7 22. Nd4 Bd5 23. Nxf5 Re8 24. Rxe8+ Kxe8 25. Re1+ Kf8 26. Re7 Bd8 27.
Ra7 a5 28. Ra8 Ke8 29. c4 g6 30. cxd5 gxf5 31. dxc6 Ke7 32. Ra7+ Kd6 33. Rd7+
{Black resigns} 1-0

[Event "Team 45 45 League T34"]
[Site "Internet Chess Club"]
[Date "2007.08.05"]
[Round "3"]
[White "AlPearson"]
[Black "hotwater"]
[Result "0-1"]
[WhiteElo "1474"]
[BlackElo "1460"]
[Opening "Ruy Lopez: exchange, Gligoric variation"]
[ECO "C69"]
[Time "13:05:29"]
[TimeControl "2700+45"]

1. e4 e5 2. Nf3 Nc6 3. Bb5 a6 4. Bxc6 dxc6 5. O-O f6 6. d4 Bd6 7. dxe5 fxe5 8.
Bg5 Nf6 9. Nbd2 h6 10. Bh4 O-O 11. Qe2 Be6 12. Nc4 Qe8 13. Ncxe5 Ng4 14. Nxg4
Bxg4 15. Rae1 Bxf3 16. gxf3 Qg6+ 17. Bg3 Rf6 18. e5 Re6 19. Qc4 Be7 20. Kh1 Rf8
21. Rg1 Rxf3 22. Bh4 Qf7 23. Bxe7 Rxe7 24. Qxf7+ Rexf7 25. e6 Re7 26. Rg2 g5 27.
h4 Rh3+ 28. Rh2 Rxh4 29. Rxh4 gxh4 30. Kh2 Kg7 31. Kh3 Kf6 32. Kxh4 Rxe6 33.
Rxe6+ Kxe6 34. Kh5 Kf5 35. Kxh6 b5 36. b4 Kf4 37. Kg6 Kf3 38. Kf5 Kxf2 39. Ke4
Ke2 40. Kd4 Kd2 41. c4 Kc2 42. cxb5 cxb5 43. Kc5 Kc3 44. Kc6 Kxb4 45. Kxc7 a5
46. Kc6 Ka4 47. Kc5 b4 48. Kc4 Ka3 49. Kb5 a4 50. Kc4 Kxa2 51. Kxb4 a3 52. Kc3
Kb1 53. Kb3 a2 54. Kc4 a1=Q 55. Kd5 Qa4 56. Ke5 Qd1 57. Ke4 Kc2 58. Ke5 Qd3 59.
Ke6 Qd4 60. Kf5 Qe3 61. Kf6 Qe4 62. Kg5 Qf3 63. Kg6 Kd3 64. Kg5 Ke4 65. Kg6 Qf5+
66. Kg7 Ke5 67. Kh6 Qg4 68. Kh7 Kf6 69. Kh8 Qg7# {White checkmated} 0-1

[Event "Team 45 45 League T34"]
[Site "Internet Chess Club"]
[Date "2007.08.06"]
[Round "3"]
[White "optional"]
[Black "Rubacchus"]
[Result "1-0"]
[WhiteElo "1438"]
[BlackElo "1344"]
[Opening "Four knights game"]
[ECO "C47"]
[Time "10:00:41"]
[TimeControl "2700+45"]

1. e4 e5 2. Nf3 Nf6 3. Nc3 Nc6 4. Be2 Bc5 5. Nxe5 Nxe5 6. d4 Nc6 7. dxc5 O-O 8.
Bg5 h6 9. Bh4 g5 10. Bg3 Re8 11. O-O Nxe4 12. Nxe4 Rxe4 13. Bf3 Re7 14. Qd3 Ne5
15. Bxe5 Rxe5 16. Qd4 Qe8 17. Qc3 d6 18. Rfe1 Rb8 19. h3 b6 20. cxd6 cxd6 21.
Bc6 Qe7 22. Re3 Rxe3 23. fxe3 Bb7 24. Bxb7 Qxb7 25. Rd1 Rd8 26. Qf6 Qd7 27. Qxh6
g4 28. Qg5+ Kf8 29. Qh6+ Ke7 30. Qg5+ f6 31. Qg7+ Ke6 32. Qxg4+ Kf7 33. Qxd7+
Rxd7 34. h4 Kg6 35. Kh2 f5 36. a4 Kh5 37. Kh3 Re7 38. e4 Rxe4 39. g3 Rxa4 40.
Rxd6 Ra2 41. Rd7 Kg6 42. Rc7 Rxb2 43. Rxa7 Rxc2 44. Ra6 Rc1 45. Rxb6+ Kh5 46.
Kh2 Rc2+ 47. Kh3 Rc3 48. Rb5 Kg6 49. Rb6+ Kh5 50. Rb5 Kg6 51. Rb6+ Kh5 52. Rb8
f4 53. Rh8+ Kg6 54. h5+ Kg5 55. h6 Rxg3+ 56. Kh2 Kh4 57. h7 Rh3+ 58. Kg2 Rg3+
59. Kf2 Rg5 60. Rg8 Rh5 61. h8=Q Rxh8 62. Rxh8+ Kg4 63. Rg8+ Kf5 64. Kf3 Ke5 65.
Rg4 Ke6 66. Rxf4 {Black resigns} 1-0

[Event "Team 45 45 League T34"]
[Site "Internet Chess Club"]
[Date "2007.08.05"]
[Round "3"]
[White "Allessia"]
[Black "BaroneRosso"]
[Result "1-0"]
[WhiteElo "2190"]
[BlackElo "2018"]
[Opening "Sicilian: closed, 6.Be3"]
[ECO "B26"]
[Time "15:26:24"]
[TimeControl "2700+45"]

1. e4 c5 2. Nc3 Nc6 3. g3 g6 4. Bg2 Bg7 5. d3 d6 6. Be3 e5 7. Qd2 Nge7 8. Nge2
Nd4 9. O-O O-O 10. f4 Be6 11. h3 Qd7 12. g4 f5 13. exf5 gxf5 14. g5 Rae8 15. Ng3
exf4 16. Bxf4 Ng6 17. Nh5 Be5 18. Bxe5 dxe5 19. Nf6+ Rxf6 20. gxf6 Rf8 21. Rae1
f4 22. Kh2 Rxf6 23. Ne4 Rf7 24. Nxc5 Qc8 25. Nxe6 Qxe6 26. c3 Nf5 27. Be4 Ne3
28. Rg1 Kh8 29. Bxg6 hxg6 30. Rxe3 fxe3 31. Qxe3 Rh7 32. Rg5 Kg8 33. d4 Qxa2 34.
Rxg6+ Kf7 35. Rg2 exd4 36. Rf2+ Kg8 37. Qe8+ Kg7 38. Qf8+ Kg6 39. Qf6+ Kh5 40.
Rf5# {Black checkmated} 1-0

[Event "Team 45 45 League T34"]
[Site "Internet Chess Club"]
[Date "2007.08.04"]
[Round "3"]
[White "backfire"]
[Black "room-matt"]
[Result "1-0"]
[WhiteElo "1891"]
[BlackElo "1812"]
[Opening "Budapest: Rubinstein variation"]
[ECO "A52"]
[Time "12:08:33"]
[TimeControl "2700+45"]

1. d4 Nf6 2. c4 e5 3. dxe5 Ng4 4. Bf4 Nc6 5. Nf3 Bb4+ 6. Nbd2 Qe7 7. a3 Bxd2+ 8.
Qxd2 Ngxe5 9. Nxe5 Nxe5 10. c5 O-O 11. e3 a5 12. Be2 g5 13. Bg3 Re8 14. Rc1 Qf6
15. O-O Qc6 16. f4 gxf4 17. exf4 Qh6 18. Qd5 Ng6 19. Bc4 Re7 20. f5 Nf8 21. Bxc7
Qe3+ 22. Kh1 Qe4 23. Qd2 Qe3 24. Qd1 Qh6 25. Rc3 {Black resigns} 1-0

[Event "Team 45 45 League T34"]
[Site "Internet Chess Club"]
[Date "2007.08.05"]
[Round "3"]
[White "Beetlejuice"]
[Black "Nosferatu1"]
[Result "1/2-1/2"]
[WhiteElo "1901"]
[BlackElo "1830"]
[Opening "Queen's pawn game"]
[ECO "D02"]
[Time "12:30:42"]
[TimeControl "2700+45"]

1. d4 d5 2. Nf3 e6 3. c4 Nd7 4. Qc2 Ngf6 5. g3 b6 6. Bg2 Bb7 7. O-O c5 8. Rd1
Qc8 9. Nbd2 Be7 10. b3 O-O 11. Bb2 dxc4 12. Nxc4 cxd4 13. Rac1 Qc6 14. Bxd4 Rac8
15. Qb2 Qb5 16. Nce5 Rxc1 17. Rxc1 Nxe5 18. Nxe5 Bxg2 19. Kxg2 Qd5+ 20. Kg1 Qb7
21. Qc3 Nd5 22. Qc4 b5 23. Qc6 Qxc6 24. Nxc6 Ba3 25. Rc2 a6 26. e4 Nf6 27. f3 h6
28. Kf2 {Game drawn by mutual agreement} 1/2-1/2

[Event "Team 45 45 League T34"]
[Site "Internet Chess Club"]
[Date "2007.08.05"]
[Round "3"]
[White "Zebbile"]
[Black "jayes"]
[Result "1-0"]
[WhiteElo "2089"]
[BlackElo "2037"]
[Opening "King's Indian: orthodox, Aronin-Taimanov, bayonet attack"]
[ECO "E97"]
[Time "15:58:24"]
[TimeControl "2700+45"]

1. d4 Nf6 2. c4 g6 3. Nc3 Bg7 4. e4 d6 5. Be2 O-O 6. Nf3 e5 7. O-O Nc6 8. d5 Ne7
9. b4 Ne8 10. c5 f5 11. Qb3 h6 12. b5 Kh7 13. b6 axb6 14. cxb6 c6 15. Nd2 cxd5
16. exd5 Nf6 17. f3 e4 18. fxe4 Nxe4 19. Ndxe4 fxe4 20. Bb2 Bd4+ 21. Kh1 Rxf1+
22. Rxf1 Nf5 23. Nxe4 Qh4 24. Bd3 h5 25. g3 Qe7 26. Bxd4 Nxd4 27. Qc3 Qe5 28.
Qc7+ Kh6 29. Rf7 Qh8 30. Qxd6 {Black resigns} 1-0

[Event "Team 45 45 League T34"]
[Site "Internet Chess Club"]
[Date "2007.08.05"]
[Round "3"]
[White "martineden"]
[Black "dalfonso"]
[Result "1-0"]
[WhiteElo "2004"]
[BlackElo "1930"]
[Opening "QGD Slav: Wiesbaden variation"]
[ECO "D17"]
[Time "10:41:00"]
[TimeControl "2700+45"]

1. d4 d5 2. c4 c6 3. Nf3 Nf6 4. Nc3 dxc4 5. a4 Bf5 6. Ne5 e6 7. f3 c5 8. e4 Bg6
9. Be3 cxd4 10. Bxd4 Nbd7 11. Nxc4 a6 12. Be2 Be7 13. a5 O-O 14. O-O Qc7 15. Na4
Nc5 16. Be5 Qc6 17. Nab6 Rad8 18. Qc2 Ncd7 19. Nxd7 Nxd7 20. Bd4 Bc5 21. Qc3
Bxd4+ 22. Qxd4 Nc5 23. Qe3 f6 24. Rac1 Nd7 25. Nb6 Qd6 26. Rfd1 Qe7 27. Rc7
{Black resigns} 1-0